 Dungeon Crawl Stone Soup version 0.28.0-1-gb440e238dd (webtiles) character file.

Game seed: 13618788969995758274

322 Kaptain the Digger (level 6, -5/41 HPs)
             Began as an Octopode Earth Elementalist on Feb 22, 2022.
             Slain by Crazy Yiuf (9 damage)
             ... on level 4 of the Dungeon.
             The game lasted 00:09:08 (4322 turns).

Kaptain the Digger (Octopode Earth Elementalist)    Turns: 4322, Time: 00:09:10

Health: -5/41      AC:  1    Str:  7    XL:     6   Next: 47%
Magic:  2/11       EV: 13    Int: 19    God:
Gold:   107        SH:  0    Dex: 13    Spells: 8/12 levels left

rFire   . . .      SeeInvis .   r - +0 short sword (protect)
rCold   . . .      Faith    .   (no shield)
rNeg    . . .      Spirit   .   (helmet restricted)
rPois   .          Reflect  .   (no amulet)
rElec   .          Harm     .   i - ring of willpower
rCorr   .          Rampage  .   (no ring)
Will    +....                   (no ring)
Stlth   +++.......              (no ring)
HPRegen 0.13/turn               (no ring)
MPRegen 0.12/turn               (no ring)
                                (no ring)
                                (no ring)

@: very slightly contaminated
A: almost no armour, amphibious, 8 rings, camouflage 1, gelatinous body 1,
(nimble swimmer 1), tentacles
a: no special abilities


You were on level 4 of the Dungeon.
You visited 1 branch of the dungeon, and saw 4 of its levels.

You collected 107 gold pieces.

Inventory:

Hand Weapons
 r - a +0 short sword of protection (weapon)
Missiles
 b - 5 stones
 n - 5 poisoned darts (quivered)
 p - a boomerang
Jewellery
 i - a ring of willpower (left tentacle)
Wands
 m - a wand of flame (18)
Scrolls
 f - 2 scrolls of immolation {unknown}
 o - a scroll of acquirement
 q - 2 scrolls of fog
Potions
 a - 2 potions of magic
 c - a potion of lignification {unknown}
 d - a potion of heal wounds {unknown}
 e - a potion of haste {unknown}
 g - 2 potions of curing {unknown}
 h - 2 potions of flight {unknown}
 j - a potion of attraction {unknown}


   Skills:
 * Level 2.9 Fighting
 + Level 2.8 Dodging
 + Level 4.0 Stealth
 * Level 3.5 Spellcasting
 - Level 1.0 Transmutations
 * Level 4.3 Earth Magic


You had 8 spell levels left.
You knew the following spells:

 Your Spells              Type           Power      Damage    Failure   Level
a - Sandblast             Erth           38%        2d10      2%          1
b - Stone Arrow           Conj/Erth      22%        3d8       19%         3

Your spell library contained the following spells:

 Spells                   Type           Power      Damage    Failure   Level
 Passwall                 Tmut/Erth      10%        N/A       8%          2
 Petrify                  Tmut/Erth      13%        N/A       43%         4
 Blade Hands              Tmut           3%         N/A       95%         5
 Iron Shot                Conj/Erth      5%         9d2       100%        6
 Animate Armour           Summ/Erth      Unusable   N/A       N/A         4

Dungeon Overview and Level Annotations

Branches:
Dungeon (4/15)
 Temple: D:4-7

Altars:
Kikubaaqudgha
The Shining One

Annotations:
D:4 Crazy Yiuf


Innate Abilities, Weirdness & Mutations

You cannot wear most types of armour.
You are amphibious.
You can wear up to eight rings at the same time.
Your skin changes colour to match your surroundings (Stealth+).
Your rubbery body absorbs attacks. (AC +1, EV +1)
((You are camouflaged when in or above water. (Stealth+)))
You have tentacles for arms and can constrict up to eight enemies at once.


Message History

You miscast Stone Arrow.
You are very lightly contaminated with residual magic.
Sparks fly from your tentacles!
Casting: Stone Arrow (quite dangerous; 19% risk of failure)
Confirm with . or Enter, or press ? or * to list all spells.
The spell is quite dangerous to miscast (19% risk of failure)!
Continue anyway?
Aiming: Stone Arrow (quite dangerous; 19% risk of failure)
Press: ? - help, Shift-Dir - straight line, f/p - Crazy Yiuf
Aim: Crazy Yiuf, wielding a +2 quarterstaff of chaos and wearing a +0 cloak (72% to hit)
The stone arrow hits Crazy Yiuf!
Crazy Yiuf is severely wounded.
Unknown command.
Casting: Stone Arrow (quite dangerous; 19% risk of failure)
Confirm with . or Enter, or press ? or * to list all spells.
Aiming: Sandblast (safe; 2% risk of failure)
Press: ? - help, Shift-Dir - straight line, f/p - Crazy Yiuf
Aim: Crazy Yiuf, wielding a +2 quarterstaff of chaos and wearing a +0 cloak (severely wounded, 82% to hit)
The blast of sand hits Crazy Yiuf.
Crazy Yiuf is almost dead.
b - 7 stones
Casting: Sandblast (safe; 2% risk of failure)
Confirm with . or Enter, or press ? or * to list all spells.
Aiming: Sandblast (safe; 2% risk of failure)
Press: ? - help, Shift-Dir - straight line, f/p - Crazy Yiuf
Aim: Crazy Yiuf, wielding a +2 quarterstaff of chaos and wearing a +0 cloak (almost dead, 82% to hit)
The blast of sand hits Crazy Yiuf.
Crazy Yiuf is almost dead.
b - 6 stones Crazy Yiuf hits you with a +2 quarterstaff of chaos!
You are electrocuted!!
* * * LOW HITPOINT WARNING * * *
Casting: Sandblast (safe; 2% risk of failure)
Confirm with . or Enter, or press ? or * to list all spells.
Aiming: Sandblast (safe; 2% risk of failure)
Press: ? - help, Shift-Dir - straight line, f/p - Crazy Yiuf
Aim: Crazy Yiuf, wielding a +2 quarterstaff of chaos and wearing a +0 cloak (almost dead, 82% to hit)
The blast of sand misses Crazy Yiuf.
b - 5 stones Crazy Yiuf hits you with a +2 quarterstaff of chaos!
You die...

############
#...........
###.######## #
##### #.# #... .
#..)# #.# #... #
#...# #.# #... #
... #.# #... # #g#
###.# #... # ♣♣@♣
#...# #... ########
♣.♣♣ ##..# #...
........ ♣♣.♣ #..#
#... ######## ♣.♣♣
#..# #### #
######## ♣♣.♣♣ #..#
# #......# ♣..P♣♣
#..# #####.######
♣..P.♣ #..########
...........# #....#
#..........
...........###....#
####.########


You could see Crazy Yiuf.

Vanquished Creatures
  Blork the orc (D:4)
  A hound (D:3)
  Ijyb (D:3)
  6 gnolls
  A howler monkey skeleton (D:4)
  4 adders
  An ufetubus (D:4)
  2 dart slugs
  8 orcs (D:3)
  6 endoplasms
  6 giant cockroaches
  5 goblins
  4 hobgoblins
  3 jackals (D:4)
  2 quokkas
  8 ball pythons
  3 bats
  2 frilled lizards
  5 kobolds
  3 rats
72 creatures vanquished.

Vanquished Creatures (others)
  A fungus (D:4)
  2 plants (D:4)
3 creatures vanquished.

Grand Total: 75 creatures vanquished

Notes
Turn   | Place    | Note
-------+----------+-------------------------------------------
     0 | D:1      | Kaptain the Octopode Earth Elementalist began the quest for
                  | the Orb.
     0 | D:1      | Reached XP level 1. HP: 11/11 MP: 3/3
   101 | D:1      | Reached XP level 2. HP: 7/18 MP: 0/5
   643 | D:1      | Reached skill level 1 in Fighting
   857 | D:1      | Reached XP level 3. HP: 23/23 MP: 4/6
   861 | D:1      | Learned a level 3 spell: Stone Arrow
  1591 | D:2      | Found a faded altar of an unknown god.
  1768 | D:2      | Reached XP level 4. HP: 26/28 MP: 2/7
  2396 | D:3      | Noticed Ijyb
  2410 | D:3      | Killed Ijyb
  2411 | D:3      | Reached XP level 5. HP: 30/34 MP: 1/9
  2665 | D:3      | Found an ancient bone altar of Kikubaaqudgha.
  3686 | D:4      | Found a glowing golden altar of the Shining One.
  3743 | D:4      | Identified a scroll of acquirement
  3747 | D:4      | Reached XP level 6. HP: 28/41 MP: 3/10
  3871 | D:4      | Noticed Blork the orc
  3888 | D:4      | Killed Blork the orc
  4313 | D:4      | Found a runed translucent door.
  4314 | D:4      | Noticed Crazy Yiuf
  4322 | D:4      | Slain by Crazy Yiuf

Illustrated notes

Levels and vault maps discovered:
D:1:      minmay_arrival_split_and_join, layout_loops_ring
D:2:      layout_loops_ring, basic_ecumenical_altar
D:3:      layout_basic, lemuel_doored_altar, serial_co_window_serial,
          co_window_paths_a, co_window_paths_a, co_window_paths_b,
          co_window_of_opportunity_a, co_window_of_opportunity_a,
          co_window_of_opportunity_a, co_window_unsneaky_path_d,
          co_window_of_opportunity_c, co_window_2corner, co_window_corner_ca,
          co_window_corner_b, co_window_cross_4, uniq_ijyb
D:4:      layout_basic, tso_oasis_becter, uniq_crazy_yiuf_cottage,
          uniq_blork_the_orc

Skill      XL: |  1  2  3  4  5  6 |
---------------+-------------------+-----
Fighting       | 1 2 |  2.9
Stealth        | 3 4 |  4.0
Spellcasting   | 3 |  3.5
Earth Magic    | 4 |  4.3
Dodging        | |  2.8
Transmutations | |  1.0

Action                   |  1- 3 |  4- 6 || total
-------------------------+-------+-------++-------
Melee: Dagger            |    20 |       ||    20
       Tentacles         |     6 |    15 ||    21
       Constrict         |     6 |    10 ||    16
       Short sword       |     9 |    45 ||    54
       Punch             |       |     1 ||     1
 Cast: Sandblast         |    30 |    52 ||    82
       Stone Arrow       |       |     1 ||     1
Evoke: Wand              |       |     6 ||     6
  Use: Scroll            |       |     5 ||     5
 Stab: Sleeping          |     4 |     6 ||    10
Armor: Skin              |       |     5 ||     5
Dodge: Dodged            |    20 |    42 ||    62
